 Dungeon Crawl Stone Soup version 0.31.0-9-g3a7656b989 (webtiles) character file.

Game seed: 13938395548778529470

76 qw the Shooter (level 4, -2/25 HPs)
             Began as a Deep Elf Hunter on Feb 2, 2024.
             Slain by an ice beast (10 damage)
             ... on level 2 of the Dungeon.
             The game lasted 00:00:05 (1446 turns).

qw the Shooter (Deep Elf Hunter)                    Turns: 1446, Time: 00:00:05

Health: -2/25      AC:  8    Str: 10    XL:     4   Next: 12%
Magic:  6/6        EV: 11    Int: 14    God:
Gold:   118        SH:  0    Dex: 18    Spells: 3/3 levels left

rFire   + . .        a - +0 shortbow
rCold   . . .        (shield currently unavailable)
rNeg    . . .        d - +1 ring mail {rF+}
rPois   .            (no helmet)
rElec   .            (no cloak)
rCorr   .            h - +0 pair of gloves
SInv    .            f - +0 pair of boots
Will    .....        (no amulet)
Stlth   +            (no ring)
HPRegen 0.24/turn    (no ring)
MPRegen 0.10/turn

%: no passive effects
@: no status effects
A: no striking features
a: no special abilities


You were on level 2 of the Dungeon.
You visited 1 branch of the dungeon, and saw 3 of its levels.

You collected 118 gold pieces.


   Skills:
 - Level 1.5 Fighting
 + Level 7.5 Ranged Weapons
 - Level 2.4 Dodging
 - Level 1.2 Stealth


You had 3 spell levels left.
You didn't know any spells.
Your spell library was empty.

Inventory:

Hand Weapons
 a - a +0 shortbow (weapon)
Armour
 d - a +1 ring mail of fire resistance (worn)
 f - a +0 pair of boots (worn)
 h - a +0 pair of gloves (worn)
Scrolls
 c - a scroll of teleportation
Potions
 e - a potion of heal wounds
 i - a potion of might

Dungeon Overview and Level Annotations

Branches:
Dungeon (3/15)

Altars:

Annotations:
D:2 1 runed translucent door, Crazy Yiuf
D:3 exclusion: hobgoblin


Message History

You shoot an arrow.
The arrow hits the ice beast but does no damage.
The ice beast is moderately wounded.
The ice beast hits you but does no damage.
You shoot an arrow. The arrow barely misses the ice beast.
The ice beast hits you but does no damage.
You shoot an arrow.
The arrow hits the ice beast but does no damage.
The ice beast is moderately wounded.
The ice beast hits you but does no damage.
You shoot an arrow. The arrow hits the ice beast.
The ice beast is moderately wounded.
The ice beast barely misses you.
You shoot an arrow. The arrow barely misses the ice beast.
The ice beast hits you but does no damage. x2
You shoot an arrow.
The arrow hits the ice beast but does no damage.
The ice beast is moderately wounded.
The ice beast hits you but does no damage.
You shoot an arrow. The arrow closely misses the ice beast.
The ice beast hits you. The ice beast freezes you!
Ouch! That really hurt!
You shoot an arrow. The arrow hits the ice beast!
The ice beast is heavily wounded.
The ice beast hits you but does no damage.
You shoot an arrow. The arrow hits the ice beast.
The ice beast is severely wounded.
The ice beast hits you but does no damage.
You shoot an arrow. The arrow closely misses the ice beast.
The ice beast hits you but does no damage.
The ice beast completely misses you.
You shoot an arrow.
The arrow completely misses the ice beast.
The ice beast closely misses you.
You shoot an arrow. The arrow hits the ice beast.
The ice beast is severely wounded.
The ice beast barely misses you.
You shoot an arrow. The arrow closely misses the ice beast.
The ice beast hits you. The ice beast freezes you!
You die... #+# ##########.# #.#.###.##.# 77?7

#########.# #.#.##..##.# 7.77
#.......#.# #.#.##.###.# 77.7
#.#####...# #.#.##.# #.# 7.77
##.# #.### #.#.##.# #.# 77.77
#..# #.# #.#.##.###.# 7...77 ####
#.## #.#.#...##.# 7....7 #Y(##
#..........# ##..##
##@#.#######...####
#....##########.###..........####
.....##........## ##.#...........
#.#.###.#######.###.##.####..###.
#.......# ##.#.###.# #..# #.
######### #....##.# #..# #<
###.##.##.# #..# #. #.........#
#..# #. ###########.#.##.####
#..###.


You could see an ice beast.

Vanquished Creatures
  2 adders (D:2)
  3 dart slugs
  A ribbon worm (D:2)
  2 ball pythons (D:1)
  4 bats
  3 endoplasms
  7 giant cockroaches
  3 goblins
  5 hobgoblins
  4 kobolds
  A quokka (D:1)
  3 frilled lizards (D:1)
  10 rats
48 creatures vanquished.

Notes
Turn   | Place    | Note
-------+----------+-------------------------------------------
     0 | D:1      | qw the Deep Elf Hunter began the quest for the Orb.
     0 | D:1      | Reached XP level 1. HP: 12/12 MP: 3/3
     0 | D:1      | 0 ||| qw: Version: 0.3-a-155-g5e7d8dd
     0 | D:1      | 0 ||| qw: Game counter: 1329
     0 | D:1      | 0 ||| qw: Melee chars always use a shield: true
     0 | D:1      | 0 ||| qw: God list: Okawaru
     0 | D:1      | 0 ||| qw: Allow faded altars: false
     0 | D:1      | 0 ||| qw: Do Orc after clearing Dungeon:15 true
     0 | D:1      | 0 ||| qw: Do second Lair branch before Depths: true
     0 | D:1      | 0 ||| qw: Lair rune preference: random
     0 | D:1      | 0 ||| qw: Goals: Normal
     0 | D:1      | 0 ||| PLANNING D:1-11
    72 | D:1      | Reached XP level 2. HP: 16/16 MP: 4/4
    74 | D:1      | Reached skill level 6 in Ranged Weapons
   350 | D:1      | Found a faded altar of an unknown god.
   366 | D:1      | Reached XP level 3. HP: 20/20 MP: 5/5
   633 | D:1      | 633 ||| UPGRADING to +1 ring mail of fire resistance.
   643 | D:1      | 643 ||| DROPPING +0 leather armour.
   644 | D:1      | 644 ||| UPGRADING to +0 pair of boots.
   649 | D:1      | 649 ||| UPGRADING to +0 pair of gloves.
   654 | D:1      | 654 ||| READING scroll labelled TIL VIDWOQ.
   655 | D:1      | 655 ||| READING 2 scrolls labelled UREAFINKURGH.
   655 | D:1      | 655 ||| IDENTIFYING viscous green potion
   656 | D:1      | 656 ||| DROPPING scroll of butterflies.
   780 | D:2      | Reached skill level 7 in Ranged Weapons
   866 | D:2      | Found a runed translucent door.
   867 | D:2      | Noticed Crazy Yiuf
  1013 | D:2      | Reached XP level 4. HP: 25/25 MP: 6/6
  1377 | D:2      | 1377 ||| READING 3 scrolls of identify.
  1377 | D:2      | 1377 ||| IDENTIFYING sedimented green potion
  1378 | D:2      | 1378 ||| READING 2 scrolls of identify.
  1378 | D:2      | 1378 ||| IDENTIFYING scroll labelled ULA FANOORGHUBB
  1379 | D:2      | 1379 ||| READING scroll of identify.
  1379 | D:2      | 1379 ||| IDENTIFYING scroll labelled SUOMEZ SIXTUNI
  1380 | D:2      | 1380 ||| DROPPING scroll of blinking.
  1416 | D:3      | Noticed an ice beast
  1420 | D:3      | 1420 ||| RETREEEEATING.
  1421 | D:3      | 1421 ||| RETREEEEATING.
  1422 | D:3      | 1422 ||| RETREEEEATING.
  1424 | D:3      | 1424 ||| STAIRDANCE
  1446 | D:2      | Slain by an ice beast

Levels and vault maps discovered:
D:1:      dpeg_arrival_prison, layout_loops_ring, ebering_ecumenical_altar_hall
D:2:      layout_loops_ring, uniq_crazy_yiuf_cottage
D:3:      layout_loops_ring, glass_columns_c, minmay_goblin_outpost

Skill      XL: |  1  2  3 |
---------------+----------+-----
Ranged Weapons | 6 7 |  7.5
Fighting       | |  1.5
Dodging        | |  2.4
Stealth        | |  1.2

Action                     |  1- 3 |  4- 6 || total
---------------------------+-------+-------++-------
   Fire: Shortbow          |    98 |    36 ||   134
    Use: Scroll            |     2 |     3 ||     5
 Armour: Leather armour    |     8 |       ||     8
         Ring mail         |    12 |    20 ||    32
  Dodge: Dodged            |    18 |    14 ||    32

Table legend:
 A = Non-vault XP
 B = Vault XP
 C = Vault XP percentage of total XP
 D = Non-vault monster count
 E = Vault monster count
 F = Vault count percentage of total count
                 A         B        C        D         E       F
            +---------+---------+-------+---------+---------+-------
      Total |     103 |       6 |   5.5 |      44 |       4 |   8.3
            +---------+---------+-------+---------+---------+-------
        D:1 |      47 |       6 |  11.3 |      27 |       4 |  12.9
        D:2 |      54 |       0 |   0.0 |      16 |       0 |   0.0
        D:3 |       2 |       0 |   0.0 |       1 |       0 |   0.0
            +---------+---------+-------+---------+---------+-------
